 Dungeon Sprint DCSS version 0.19-a0-61-g4dc4c6e (webtiles) character file.

837 Kidiri the Grappler (level 7, -6/80 HPs)
             Began as a Troll Berserker on May 9, 2016.
             Was an Elder of Trog.
             Mangled by a killer bee (8 damage)
             ... in the Dungeon (Sprint IV: "Fedhas' Mad Dash").
             The game lasted 00:05:00 (999 turns).

Kidiri the Grappler (Troll Berserker)                Turns: 999, Time: 00:05:01

Health: -6/80      AC:  7    Str: 27    XL:     7   Next: 66%
Magic:  6/6        EV: 12    Int:  3    God:    Trog [****..]
Gold:   148        SH:  5    Dex: 10    Spells: 0 memorised, 6 levels left

rFire  . . .     SeeInvis +       - Unarmed
rCold  . . .     Gourm    +     a - +0 animal skin
rNeg   . . .     Faith    .     (no shield)
rPois  .         Spirit   .     (helmet restricted)
rElec  .         Dismiss  .     k - +1 cloak {+Inv}
rCorr  .         Reflect  +     (gloves unavailable)
SustAt .         Harm     .     (boots unavailable)
MR     .....     NoTele   +     i - +5 amulet of reflection
Stlth  +.........               (no ring)
                                d - ring of see invisible

@: lethally poisoned (-6 -> -6), exhausted, very slightly contaminated, slowed,
very slow, not resistant to hostile enchantments, very unstealthy
A: unfitting armour, claws 3, fast metabolism 3, gourmand, regeneration 2,
shaggy fur 1, tough skin 2
a: Berserk, Trog's Hand, Brothers in Arms, Burn Spellbooks, Renounce Religion,
Evoke Invisibility


You were in the Dungeon.
You worshipped Trog.
Trog was greatly pleased with you.
You were not hungry.

You visited 1 branch You collected 148 gold pieces.

Inventory:

Armour
 a - a +0 animal skin (worn)
 k - a +1 cloak of invisibility (worn)
Jewellery
 d - a ring of see invisible (left claw)
 i - a +5 amulet of reflection (around neck)
Scrolls
 b - a scroll of random uselessness {unknown}
 j - a scroll of fear {unknown}
Potions
 e - a potion of haste
 f - 2 potions of magic
 g - a potion of berserk rage


   Skills:
 * Level 8.0 Fighting
 + Level 5.2 Armour
 * Level 8.1 Dodging
 * Level 9.6 Unarmed Combat


You had 6 spell levels left.
You didn't know any spells.

Dungeon Overview and Level Annotations

Branches:
Dungeon (1/1)

Altars:
Cheibriados
Dithmenos
Elyvilon
Gozag
Kikubaaqudgha
Makhleb
Nemelex Xobeh
Okawaru
Pakellas
Qazlal
Ru
Sif Muna
Trog
Vehumet
Xom
Yredelemnul
Zin
The Shining One
Beogh
Jiyva
Lugonu

Shops:
D [}!%


Innate Abilities, Weirdness & Mutations

You are too large for most types of armour.
You have claws for hands.
Your metabolism is lightning-fast.
You like to eat raw meat.
You heal very quickly.
You are covered in fur (AC +1).
You have very tough skin (AC +2).


Message History

Unknown command.
Drink which item? (? for menu, Esc to quit)
Okay, then.
Unknown command.
Read which item? (? for menu, Esc to quit)
Blink to where?
Press: ? - help, Dir - move target cursor
As you read the scroll of blinking, it crumbles to dust.
You feel sick. The killer bee misses you. The killer bee closely misses you.
The killer bee stings you but does no damage.
The killer bee misses you. You block the killer bee's attack.
The killer bee misses you. You block the killer bee's attack.
There is an open door here.
You feel sick. The killer bee barely misses you.
You block the killer bee's attack. The killer bee barely misses you.
You block the killer bee's attack. The killer bee stings you.
* * * LOW HITPOINT WARNING * * *
The killer bee stings you!
You die...

##########################
#<..P#....y#.....#.⌠...._.
#PP..'.).@y'.#...+._._._._
#PPPP#.....#.#...#_._._._.
###############y##._._._._
♣....†...'...#.⌠...._.
#%.....♣.†...#...#########
#.....♣..♣..######
##+####+#####


You could see 2 killer bees.

Vanquished Creatures
  A burning bush (D)
  A queen bee (D)
  2 scorpions (D)
  2 killer bees (D)
  4 oklob saplings (D)
  A worker ant (D)
  2 spriggans (D)
  A wandering mushroom (D)
  A river rat (D)
  A rat (D)
16 creatures vanquished.

Vanquished Creatures (others)
  A wandering mushroom (D)
1 creature vanquished.

Grand Total: 17 creatures vanquished

Notes
Turn   | Place    | Note
--------------------------------------------------------------
     0 | D        | Kidiri the Troll Berserker began the quest for the Orb.
     0 | D        | Reached XP level 1. HP: 22/22 MP: 0/0
     9 | D        | Reached skill level 1 in Armour
     9 | D        | Reached XP level 2. HP: 31/31 MP: 1/1
    22 | D        | Noticed an oklob sapling
    23 | D        | Killed an oklob sapling
    23 | D        | Reached skill level 4 in Unarmed Combat
    23 | D        | Reached XP level 3. HP: 34/39 MP: 2/2
    70 | D        | Reached ** piety under Trog
   225 | D        | Found a snail-covered altar of Cheibriados.
   225 | D        | Found a glowing silver altar of Zin.
   225 | D        | Found a white marble altar of Elyvilon.
   226 | D        | Found a viscous altar of Jiyva.
   226 | D        | Found a radiant altar of Vehumet.
   226 | D        | Found a deep blue altar of Sif Muna.
   226 | D        | Found a burning altar of Makhleb.
   226 | D        | Found an oddly glowing altar of Pakellas.
   226 | D        | Found an ancient bone altar of Kikubaaqudgha.
   226 | D        | Found a bloodstained altar of Trog.
   226 | D        | Found a corrupted altar of Lugonu.
   226 | D        | Found a sacrificial altar of Ru.
   226 | D        | Noticed an oklob sapling priest
   227 | D        | Found a sparkling altar of Nemelex Xobeh.
   227 | D        | Found a glowing golden altar of the Shining One.
   228 | D        | Found a shadowy altar of Dithmenos.
   229 | D        | Found a shimmering altar of Xom.
   229 | D        | Found an iron altar of Okawaru.
   230 | D        | Found an opulent altar of Gozag.
   231 | D        | Found a basalt altar of Yredelemnul.
   231 | D        | Found a roughly hewn altar of Beogh.
   235 | D        | Found a stormy altar of Qazlal.
   239 | D        | Killed an oklob sapling priest
   239 | D        | Reached skill level 5 in Unarmed Combat
   239 | D        | Reached XP level 4. HP: 24/49 MP: 1/3
   291 | D        | Reached skill level 5 in Fighting
   291 | D        | Reached skill level 5 in Dodging
   291 | D        | Reached skill level 6 in Unarmed Combat
   291 | D        | Reached XP level 5. HP: 29/57 MP: 1/4
   425 | D        | Reached *** piety under Trog
   428 | D        | Reached skill level 7 in Unarmed Combat
   452 | D        | Found Meumu's Gadget Shop.
   452 | D        | Found Cippuugo's Armour Emporium.
   469 | D        | Noticed a burning bush
   469 | D        | Noticed a wandering mushroom
   572 | D        | Noticed a wandering mushroom
   579 | D        | Reached XP level 6. HP: 67/67 MP: 5/5
   699 | D        | Killed a burning bush
   699 | D        | Reached skill level 8 in Unarmed Combat
   791 | D        | Reached XP level 7. HP: 50/78 MP: 6/6
   891 | D        | Found Raexzowe's Distillery.
   892 | D        | Found Peekuabe's Food Emporium.
   962 | D        | Noticed a queen bee
   980 | D        | Reached **** piety under Trog
   980 | D        | Reached skill level 9 in Unarmed Combat
   984 | D        | Killed a queen bee
   984 | D        | Reached skill level 5 in Armour
   994 | D        | HP: 2/80 [killer bee (6)]
   999 | D        | HP: 2/80 [killer bee (3)]
   999 | D        | Mangled by a killer bee

Vault maps used:
D:        dungeon_sprint_fedhas

Skill      XL: |  1  2  3  4  5  6  7 |
---------------+----------------------+-----
Fighting       | 3 4 5 6 7 8 |  8.0
Armour         | 1 2 3 4 5 |  5.2
Dodging        | 3 4 5 6 7 8 |  8.1
Unarmed Combat | 4 5 6 7 8 9 |  9.6

Action                   |  1- 3 |  4- 6 |  7- 9 || total
-------------------------+-------+-------+-------++-------
Melee: Unarmed           |    18 |    20 |    23 ||    61
       Punch             |       |     1 |       ||     1
Invok: Berserk           |     1 |     1 |     1 ||     3
 Abil: Evoke Invisibilit |     1 |     1 |     1 ||     3
  Use: Potion            |       |     1 |     1 ||     2
       Scroll            |       |       |     1 ||     1
 Stab: Invisible         |     1 |     1 |       ||     2
       Sleeping          |       |     1 |     1 ||     2
  Eat: Chunk             |     1 |     2 |       ||     3
       Bread ration      |       |     1 |     1 ||     2
Armor: Animal skin       |     3 |     7 |    12 ||    22
Dodge: Dodged            |     4 |    12 |    56 ||    72
Block: Other             |       |     5 |    15 ||    20
